 Dungeon Crawl Stone Soup version 0.24.0-13-gcf9b319 (webtiles) character file.

Game seed: 11968099408418427341, levelgen mode: deterministic

124 MrPlanck the Skirmisher (level 4, -1/35 HPs)
             Began as a Mummy Fighter on Nov 9, 2019.
             Slain by a gnoll
             ... wielding a +0 halberd
              (7 damage)
             ... on level 3 of the Dungeon.
             The game lasted 00:04:51 (3113 turns).

MrPlanck the Skirmisher (Mummy Fighter)             Turns: 3113, Time: 00:04:51

Health: -1/35      AC:  6    Str: 19    XL:     4   Next: 81%
Magic:  4/4        EV:  7    Int:  8    God:
Gold:   80         SH:  9    Dex: 11    Spells: 3/3 levels left

rFire    . . .     SeeInvis .   a - +0 war axe
rCold    . . .     Gourm    .   c - +0 shield
rNeg     + + +     Faith    .   b - +0 scale mail
rPois    ∞         Spirit   .   (no helmet)
rElec    .         Reflect  .   (no cloak)
rCorr    .         Harm     .   (no gloves)
MR       .....                  (no boots)
Stlth    ..........             (no amulet)
HPRegen  0.11/turn              j - ring of fire
MPRegen  0.09/turn              (no ring)

@: no status effects
A: no food or potions, fire vulnerability, cold resistance 1, negative energy
resistance 3, torment resistance, unbreathing
a: no special abilities


You were on level 3 of the Dungeon.
You were not hungry.

You visited 1 branch of the dungeon, and saw 3 of its levels.

You collected 80 gold pieces.

Inventory:

Hand Weapons
 a - a +0 war axe (weapon)
Missiles
 e - 75 stones (quivered)
Armour
 b - a +0 scale mail (worn)
 c - a +0 shield (worn)
Jewellery
 f - an uncursed ring of ice
 j - a ring of fire (left hand)
Scrolls
 d - 2 scrolls of teleportation
 g - a scroll of fog
 i - a scroll of magic mapping
 k - a scroll of immolation


   Skills:
 - Level 3.5 Fighting
 * Level 2.9 Axes
 + Level 3.0 Armour
 + Level 3.0 Shields


You had 3 spell levels left.
You didn't know any spells.
Your spell library was empty.

Dungeon Overview and Level Annotations

Branches:
Dungeon (3/15)

Altars:
Kikubaaqudgha

Annotations:
D:2 Terence
D:3 Natasha


Innate Abilities, Weirdness & Mutations

You do not eat or drink.
Your flesh is vulnerable to fire.
You are immune to poison.
Your flesh is cold resistant. (rC+)
You are immune to negative energy. (rN+++)
You are immune to unholy pain and torment.
You can survive without breathing.


Message History

Things that are here:
a +0 whip; a gnoll corpse
Things that are here:
a +0 club; a gnoll corpse A rat and a gnoll come into view.
The rat bites you.
You hit the rat.
The rat is severely wounded.
The rat bites you but does no damage.
The gnoll hits you from afar with a +0 halberd!
You block the rat's attack.
You slash the rat!
You kill the rat!
The gnoll hits you from afar with a +0 halberd!
* * * LOW HITPOINT WARNING * * *
You block the gnoll's attack.
You slash the gnoll!
The gnoll is heavily wounded.
The gnoll hits you with a +0 halberd!
You die...

#.g... ###...
. #.r.# .
###.#.# #
#...#.# .
#.#.#.#
#.#...#####.#
#g###..†....#
#@# #.#######
#.# #.#
#.###.#
#.##..#
#.......##.##
#
#.########.#
#.#.# #. #.#
....# #.# #.#
.[### ##.##
#)#


You could see a gnoll.

Vanquished Creatures
  3 adders
  2 gnolls (D:3)
  A worm (D:2)
  2 dart slugs (D:1)
  11 bats
  4 giant cockroaches
  11 goblins
  8 hobgoblins
  7 jackals
  7 kobolds
  A quokka (D:2)
  A ball python (D:3)
  2 frilled lizards
  7 rats
67 creatures vanquished.

Notes
Turn   | Place    | Note
-------+----------+-------------------------------------------
     0 | D:1      | MrPlanck the Mummy Fighter began the quest for the Orb.
     0 | D:1      | Reached XP level 1. HP: 18/18 MP: 1/1
    41 | D:1      | Reached XP level 2. HP: 20/24 MP: 2/2
   832 | D:1      | Reached XP level 3. HP: 29/29 MP: 3/3
  1789 | D:2      | Reached XP level 4. HP: 35/35 MP: 4/4
  2238 | D:3      | Noticed Terence
  2249 | D:3      | Noticed Natasha
  2762 | D:3      | Found an ancient bone altar of Kikubaaqudgha.
  3113 | D:3      | Slain by a gnoll

Levels and vault maps discovered:
D:1:      minmay_arrival_radiant_lines, layout_basic
D:2:      layout_basic, kennysheep_generic_room_11
D:3:      layout_loops_ring, kiku_gazebo_garden_becter, first_ration,
          uniq_natasha, uniq_terence, uniq_crazy_yiuf_cottage, uniq_grinder

Skill      XL: |  1  2  3  4 |
---------------+-------------+-----
Axes           | 2 |  2.9
Shields        | 3 |  3.0
Armour         | 3 |  3.0
Fighting       | |  3.5

Action                   |  1- 3 |  4- 6 || total
-------------------------+-------+-------++-------
Melee: War axe           |   149 |    91 ||   240
  Use: Scroll            |       |     4 ||     4
Armor: Scale mail        |   117 |    53 ||   170
Dodge: Dodged            |    60 |    24 ||    84
Block: Shield            |    97 |    65 ||   162
